Map: [ESL] Berlingrad

Players

Serral - Winner!

  • Race: Zerg Zerg

Reynor

  • Race: Zerg Zerg

Event: IEM Katowice 2022

VOD

https://youtu.be/6P_R_lYTJYc

Description

Time

  • Played on: Feb. 27, 2022, 6:56 a.m.
  • Length: 3:50

All games in this series

Show
View Real Time Build Order
Export as new Build Order

Serral Zerg - Winner!

Build Orders: Pool Only 

Get SALT Encoding   

  12  0:16  Spawning Pool  
  11  0:21  Drone  
  11  0:27  Drone  
  13  0:31  Drone  
  14  0:40  Overlord  
  14  1:03  Zergling x4  
  16  1:04  Zergling x2  
  17  1:17  Zergling x2  
  18  1:26  Zergling x2  
  19  1:37  Zergling x2  
  20  1:55  Spine Crawler  
  20  1:56  Spine Crawler  
  20  1:58  Spine Crawler  
  17  2:14  Zergling x2  
  17  2:25  Zergling x4  
  17  2:32  Zergling x2  
  13  2:38  Zergling x2  
  14  2:47  Zergling x2  
  14  2:58  Zergling x2  
  12  3:15  Zergling x2  
  13  3:30  Zergling x2  
Show
View Real Time Build Order
Export as new Build Order

Reynor Zerg 

Build Orders: Hatch First 

Get SALT Encoding   

  12  0:00  Drone  
  13  0:11  Overlord  
  13  0:16  Drone  
  14  0:30  Drone x2  
  16  0:46  Hatchery  
  15  0:51  Drone  
  15  0:53  Drone  
  15  0:56  Drone  
  18  1:07  Extractor  
  17  1:12  Spawning Pool  
  17  1:15  Drone  
  17  1:18  Drone  
  18  1:27  Drone  
  19  1:59  Queen  
  19  2:00  Zergling x8  
  25  2:10  Zergling x2  
  25  2:12  Zergling x2  
  27  2:20  Zergling x2  
  8  3:04  Zergling x2  

Tags
 
Add a new tag
Caveats
  • Supply blocks, unpowered buildings, or Contaminate may cause inaccurate times.
  • Supply counts are checked every 10 seconds.